 Seeded DCSS version 0.26-a0-547-g695e311 (webtiles) character file.

Game seed: 3745970743987177650 (custom seed)

116393 Illumine the Arsonist (level 16, -1/125 HPs)
             Began as a Barachi Fire Elementalist on Aug 16, 2020.
             Was a High Priest of Vehumet.
             Slain by a redback (14 damage)
             ... on level 1 of the Spider Nest on Aug 19, 2020.
             The game lasted 01:59:11 (35153 turns).

Illumine the Arsonist (Barachi Fire Elementalist)  Turns: 35153, Time: 01:59:11

Health: -1/125     AC:  8    Str: 16    XL:     16   Next: 71%
Magic:  4/30       EV: 18    Int: 29    God:    Vehumet [*****.]
Gold:   2763       SH:  5    Dex: 13    Spells: 1/35 levels left

rFire    + + .     SeeInvis .   I - staff of fire
rCold    + + .     Faith    .   (no shield)
rNeg     . . .     Spirit   .   K - +0 robe {Archmagi}
rPois    +         Reflect  +   p - +1 helmet
rElec    .         Harm     .   U - scarf {rC+ rF+}
rCorr    .                      n - +0 pair of gloves
MR       +....                  g - +0 pair of boots "Vuseont" {rF+ Dex+4}
Stlth    +++.......             Q - amulet of reflection
HPRegen  0.30/turn              e - ring "Xeph" {rPois Str+4 Dex-4 Stlth+}
MPRegen  0.22/turn              S - ring "Kayggish" {Ice Str+2 Int+7}

@: slow
A: +LOS, swims, slowness 1, strong legs 2
a: Hop, Renounce Religion


You were on level 1 of the Spider Nest.
You worshipped Vehumet.
Vehumet was extremely pleased with you.
You visited 5 branches of the dungeon, and saw 25 of its levels.
You also visited: Ossuary, Bailey, Gauntlet and Ice Cave.

You collected 3973 gold pieces.
You spent 1210 gold pieces at shops.

Inventory:

Hand Weapons
 c - the +4 quarterstaff of Patterns {distort, rElec rC- rN++ MR+++, unknown}
   (You found it in an ice cave)

   It warps and distorts space around it.
   Unwielding it can cause banishment or high damage.
   It makes you vulnerable to cold.
   It insulates you from electricity.
   It greatly protects you from negative energy.
   It affects your resistance to hostile enchantments.
 o - the cursed +0 trident of Syrany {venom, rElec rN+ Str+2}
   (You found it on level 2 of the Lair of Beasts)

   It poisons the flesh of those it strikes.
   It affects your strength (+2).
   It insulates you from electricity.
   It protects you from negative energy.
   It has a curse placed upon it.
 A - the +4 dagger "Irizonerr" {flame, +Blink rC+}
   (You found it in a bailey)

   It has been specially enchanted to burn those struck by it, causing extra
   injury to most foes and up to half again as much damage against particularly
   susceptible opponents.
   It protects you from cold.
   It lets you blink.
 T - the +7 Spriggan's Knife {stab, EV+4 Stlth+}
   (You found it in a bailey)

   It affects your evasion (+4).
   It makes you more stealthy.
Armour
 g - the +0 pair of boots "Vuseont" (worn) {rF+ Dex+4}
   (You found it in a Gauntlet)

   It affects your dexterity (+4).
   It protects you from fire.
 n - a +0 pair of gloves (worn)
 p - a +1 helmet (worn)
 J - a +6 chain mail of fire resistance
 K - a +0 robe of the Archmagi (worn)
 U - a scarf of resistance (worn)
 Z - a +0 buckler
Magical Staves
 I - an uncursed staff of fire (weapon)
 L - an uncursed staff of conjuration
 N - an uncursed staff of air
Jewellery
 e - the ring "Xeph" (left hand) {rPois Str+4 Dex-4 Stlth+}
   (You found it in a Gauntlet)

   [ring of stealth]

   It affects your strength (+4).
   It affects your dexterity (-4).
   It protects you from poison.
   It makes you more stealthy.
 m - an uncursed ring of see invisible
 C - an uncursed ring of protection from cold
 G - an uncursed ring of flight
 H - an uncursed ring of magical power
 O - an uncursed ring of positive energy
 Q - an amulet of reflection (around neck)
 S - the ring "Kayggish" (right hand) {Ice Str+2 Int+7}
   (You found it in a bailey)

   [ring of ice]

   It enhances your ice magic.
   It affects your strength (+2).
   It affects your intelligence (+7).
   It makes you vulnerable to fire.
   It protects you from cold.
 V - an uncursed ring of fire
 X - the ring of Nuagiyki {Ice Str+5 Dex+4}
   (You found it in a Gauntlet)

   [ring of ice]

   It enhances your ice magic.
   It affects your strength (+5).
   It affects your dexterity (+4).
   It makes you vulnerable to fire.
   It protects you from cold.
Wands
 a - a wand of acid (15)
 b - a wand of disintegration (10)
 d - a wand of polymorph (3)
 x - a wand of enslavement (13)
 y - a wand of iceblast (53)
 W - a wand of flame (46)
Scrolls
 j - a scroll of blinking
 k - 13 scrolls of remove curse
 r - a scroll of fog
 t - 4 scrolls of immolation
 u - a scroll of summoning {unknown}
 w - 5 scrolls of enchant weapon
 B - a scroll of magic mapping
 D - a scroll of vulnerability {unknown}
 M - 5 scrolls of teleportation
 P - 3 scrolls of fear
Potions
 f - 5 potions of lignification
 h - 3 potions of mutation
 i - 9 potions of curing
 l - 2 potions of brilliance
 q - 2 potions of flight
 s - 3 potions of resistance
 v - 3 potions of magic
 z - 3 potions of invisibility
 E - 3 potions of haste
 F - a potion of ambrosia
Miscellaneous
 R - a condenser vane (2/2)


   Skills:
 + Level 11.0 Fighting
 - Level 4.5(5.2) Short Blades
   Level 4.0(5.1) Long Blades
 + Level 6.0 Staves
 + Level 11.1 Armour
 + Level 10.5 Dodging
 - Level 3.7 Stealth
 + Level 3.0 Shields
 + Level 10.1 Spellcasting
 + Level 10.8 Conjurations
 + Level 8.8 Summonings
 + Level 11.1 Fire Magic
 - Level 4.1 Ice Magic
 + Level 9.5 Earth Magic
 + Level 7.3 Evocations


You had one spell level left.
You knew the following spells:

 Your Spells              Type           Power        Failure   Level
a - Foxfire               Conj/Fire      ####         1%          1
b - Conjure Flame         Conj/Fire      ########     1%          3
c - Sticky Flame          Conj/Fire      ########     1%          4
d - Freeze                Ice            ####         1%          1
e - Fireball              Conj/Fire      ########..   1%          5
f - Summon Small Mammal   Summ           ####         1%          1
g - Starburst             Conj/Fire      ########..   1%          6
h - Iron Shot             Conj/Erth      #######...   2%          6
i - Spellforged Servitor  Conj/Summ      #######...   16%         7

Your spell library contained the following spells:

 Spells                   Type           Power        Failure   Level
 Iskenderun's Battlesphe  Conj           #######.     1%          5
 Sandblast                Erth           ######       1%          1
 Beastly Appendage        Tmut           ###...       3%          1
 Corona                   Hex            ###....      3%          1
 Sting                    Tmut/Pois      ###.         3%          1
 Call Imp                 Summ           #######.     1%          2
 Passwall                 Tmut/Erth      ######..     1%          2
 Call Canine Familiar     Summ           #######.     1%          3
 Dazzling Flash           Conj/Hex       ######       1%          3
 Ignite Poison            Fire/Tmut/Pois ######..     1%          3
 Inner Flame              Hex/Fire       #######.     1%          3
 Mephitic Cloud           Conj/Pois/Air  ######..     1%          3
 Ozocubu's Armour         Ice            ######..     1%          3
 Stone Arrow              Conj/Erth      ######       1%          3
 Summon Guardian Golem    Hex/Summ       ######..     1%          3
 Bolt of Magma            Conj/Fire/Erth ########..   1%          5
 Lee's Rapid Deconstruct  Erth           #######...   1%          5
 Ensorcelled Hibernation  Hex/Ice        ######       2%          2
 Summon Ice Beast         Ice/Summ       #######.     2%          4
 Poisonous Vapours        Pois/Air       ###...       5%          2
 Wereblood                Tmut           ###.....     5%          2
 Leda's Liquefaction      Hex/Erth       ######....   5%          4
 Petrify                  Tmut/Erth      ######..     5%          4
 Summon Lightning Spire   Summ/Air       ######..     6%          4
 Confusing Touch          Hex            ###.....     11%         3
 Gell's Gravitas          Tloc           ###.......   11%         3
 Spider Form              Tmut/Pois      ###.......   11%         3
 Tukima's Dance           Hex            ###.....     11%         3
 Olgreb's Toxic Radiance  Pois           ###.....     11%         4
 Borgnjor's Vile Clutch   Necr/Erth      ######....   14%         5
 Ice Form                 Ice/Tmut       ######..     16%         4
 Yara's Violent Unravell  Hex/Tmut       ###.......   26%         5
 Cause Fear               Hex            ###.......   36%         4
 Metabolic Englaciation   Hex/Ice        ######....   41%         5
 Statue Form              Tmut/Erth      ######...    63%         6
 Blade Hands              Tmut           ###.......   71%         5
 Silence                  Hex/Air        ###.......   71%         5
 Simulacrum               Ice/Necr       ######....   94%         6
 Discord                  Hex            ###.......   100%        8
 Shatter                  Erth           #######...   100%        9


Dungeon Overview and Level Annotations

Branches:
Dungeon (15/15)            Temple (1/1) D:4            Lair (6/6) D:11
 Shoals (0/4) Lair:2       Spider (1/4) Lair:4        Slime (0/5) Lair:6
    Orc (2/2) D:11            Elf (0/3) Orc:2        Vaults (0/5) D:13
 Depths (0/5) D:15        Ossuary (visited)          Bailey (visited)
  IceCv (visited)         Gauntlet (visited)

Altars:
Ashenzari
Cheibriados
Dithmenos
Gozag
Kikubaaqudgha
Makhleb
Nemelex Xobeh
Okawaru
Qazlal
Ru
Sif Muna
Trog
Vehumet
Xom
Zin
The Shining One
Jiyva

Shops:
D:6 *   D:8 }   D:9 =   D:13 !   Orc:2 }?(}

Annotations:
D:13 1 runed translucent door, Rupert; qdestroyer's ghost, journeyman MiFi
Lair:1 exclusion: oklob plant


Innate Abilities, Weirdness & Mutations

You can be seen from farther away. (+LOS)
You can swim through water.
You cover ground slowly.
You can hop long distances.


Message History

Confirm with . or Enter, or press ? or * to list all spells.
Okay, then.
You closely miss the jumping spider.
The jumping spider barely misses you. x2
The redback completely misses you. You block the redback's attack.
You hit the redback. You burn the redback.
The redback is moderately wounded.
You block the redback's attack.
You barely miss the redback.
The redback is moderately wounded.
The redback bites you.
* * * LOW HITPOINT WARNING * * *
The jumping spider leaps!
The redback bites you!
* * * LOW HITPOINT WARNING * * *
The redback bites you!
* * * LOW HITPOINT WARNING * * *
Okay, then.
You are too injured to fight recklessly!
You feel better. The redback misses you. The redback barely misses you.
The jumping spider leaps!
The redback bites you!
You die...

####### #.....#
#....## #...#≈#
#....#####
##.<.##.#.#
..#...†#^...#
.##.s##†.^.# .#
≈#.°s@#..#≈#..#
##....###..#...#
###...###.ss.....#
#.s.###.#s.......#
#...........######
.. #........####
##...##.........#
......††...######
..#....##.....s)...


You could see a jumping spider and 2 redbacks.

Vanquished Creatures
  An orc warlord (Orc:2)
  A minotaur (Gauntlet)
  Snorg (Lair:3)
  4 vault guards (D:13)
  A rakshasa (D:13)
  4 hydras
  5 centaur warriors
  7 two-headed ogres
  Erica (D:8)
  2 nameless horrors
  An ogre mage (D:15)
  Urug (Lair:1)
  3 orc high priests
  4 orc knights (Orc:2)
  A wolf spider zombie (D:14)
  A deep elf mage (D:15)
  A wolf spider (Spider:1)
  An oklob plant (Lair:2)
  A faun (D:12)
  5 orc sorcerers (Orc:2)
  5 manticores
  5 ugly things
  2 cyclopes
  Maurice (Orc:2)
  An eye of devastation (Gauntlet)
  11 elephants
  A torpor snail (Lair:6)
  3 ice statues (IceCv)
  2 gargoyles
  6 black mambas
  19 cane toads
  8 komodo dragons
  2 rime drakes
  A demonic crawler (Lair:4)
  A kobold demonologist (D:15)
  4 trolls
  2 hornets (Gauntlet)
  5 tyrant leeches (Lair:6)
  A polar bear (Lair:3)
  5 slime creatures (D:12)
  23 blink frogs
  4 dream sheep (Lair:6)
  6 hippogriffs
  11 redbacks
  A spriggan (Lair:3)
  A centaur simulacrum (D:14)
  A tarantella (Spider:1)
  2 vampires
  A basilisk (Lair:3)
  8 yaks
  A wyvern (D:13)
  Grum (D:9)
  A spectral komodo dragon (Gauntlet)
  10 vampire mosquitoes
  A steam dragon (D:12)
  4 wargs
  2 acid dragons
  A porcupine (Lair:2)
  15 water moccasins
  23 orc warriors
  2 phantoms
  4 black bears
  8 ice beasts
  2 sky beasts
  9 ogres
  21 wolves
  25 centaurs
  3 big kobolds
  10 crocodiles
  33 bullfrogs
  2 elf zombies (Ossuary)
  A gnoll sergeant (Orc:2)
  4 scorpions
  A wyvern skeleton (D:9)
  17 wights
  19 killer bees
  6 howler monkeys
  11 electric eels
  4 centaur zombies
  2 quasits (D:10)
  2 human zombies (Ossuary)
  12 jellies
  14 orc priests
  10 hounds
  22 orc wizards
  2 bullfrog skeletons
  2 centaur skeletons
  7 hell rats (Lair:5)
  9 worker ants
  2 big kobold zombies (Ossuary)
  2 hound zombies
  4 mummies
  Robin (D:2)
  9 gnolls
  5 adders
  2 shadow imps
  5 white imps
  3 ufetubi
  12 oozes (Lair:1)
  2 adder skeletons
  5 adder zombies (Ossuary)
  2 dart slugs
  5 worms
  7 leopard geckos
  70 orcs
  A bat zombie (D:2)
  3 giant cockroaches
  A gnoll zombie (Ossuary)
  18 goblins
  6 hobgoblins
  2 iguanas
  10 jackals
  27 kobolds
  4 quokkas
  8 bats
  11 frilled lizards
  6 goblin zombies (Ossuary)
  4 hobgoblin zombies (Ossuary)
  A jackal skeleton (D:3)
  4 jackal zombies (Ossuary)
  2 kobold zombies (Ossuary)
  A leopard gecko skeleton (D:3)
  A leopard gecko zombie (D:3)
  An orc zombie (Ossuary)
  3 quokka zombies (Ossuary)
  6 rats
  6 rat zombies
  6 plants (Lair:6)
780 creatures vanquished.

Vanquished Creatures (collateral kills)
  An entropy weaver (Spider:1)
  An ettin (D:15)
  A two-headed ogre (D:15)
  A tengu warrior (D:14)
  A deep elf archer (D:15)
  An orc knight (Orc:2)
  3 ugly things (D:14)
  An orc sorcerer (D:15)
  A nameless horror (D:15)
  A troll (D:15)
  5 redbacks (Spider:1)
  2 tarantellas (Spider:1)
  An acid dragon (D:14)
  2 wargs (Orc:2)
  4 ice beasts (IceCv)
  3 wights (D:14)
  4 orc wizards (Orc:2)
  3 orc priests (Orc:2)
  An iguana (D:14)
  7 orcs (Orc:2)
44 creatures vanquished.

Vanquished Creatures (others)
  1922 foxfires
  23 fungi
  51 plants
1996 creatures vanquished.

Grand Total: 2820 creatures vanquished

Notes
Turn   | Place    | Note
-------+----------+-------------------------------------------
     0 | D:1      | Illumine the Barachi Fire Elementalist began the quest for
                  | the Orb.
     0 | D:1      | Reached XP level 1. HP: 13/13 MP: 3/3
   437 | D:1      | Reached XP level 2. HP: 19/19 MP: 3/5
   979 | D:1      | Reached XP level 3. HP: 24/24 MP: 5/7
  1002 | D:1      | Learned a level 3 spell: Conjure Flame
  1348 | D:2      | Found a sparkling altar of Nemelex Xobeh.
  1590 | D:2      | Noticed Robin
  1614 | D:2      | Killed Robin
  1614 | D:2      | Reached XP level 4. HP: 29/30 MP: 1/8
  1910 | D:2      | Found an iron altar of Okawaru.
  2196 | D:2      | Found an ancient bone altar of Kikubaaqudgha.
  2753 | D:3      | Found a sacrificial altar of Ru.
  2787 | D:3      | Reached XP level 5. HP: 35/35 MP: 6/10
  3052 | D:3      | Found a bloodstained altar of Trog.
  3172 | D:3      | Reached skill level 1 in Fighting
  3190 | D:3      | Reached XP level 6. HP: 31/43 MP: 2/11
  3320 | D:3      | Learned a level 4 spell: Sticky Flame
  3822 | D:4      | Found a staircase to the Ecumenical Temple.
  3832 | Temple   | Entered the Ecumenical Temple
  3837 | Temple   | Became a worshipper of Vehumet
  4173 | D:4      | Reached skill level 1 in Armour
  4635 | D:4      | Reached XP level 7. HP: 50/50 MP: 7/13
  4648 | D:4      | Reached skill level 5 in Fire Magic
  5323 | D:5      | Entered Level 5 of the Dungeon
  5362 | D:5      | Found a shattered altar of Ashenzari.
  5499 | D:5      | Reached skill level 1 in Evocations
  6166 | D:5      | Found a shimmering altar of Xom.
  6200 | D:5      | Found a stormy altar of Qazlal.
  6292 | D:5      | Reached XP level 8. HP: 50/58 MP: 6/14
  6611 | D:6      | Found a shadowy altar of Dithmenos.
  6807 | D:6      | Found Duamy's Assorted Antiques.
  7605 | D:7      | Found a sand-covered staircase.
  7615 | Ossuary  | Entered an ossuary
  7868 | Ossuary  | Reached * piety under Vehumet
  7868 | Ossuary  | Offered knowledge of Shock by Vehumet.
  8000 | Ossuary  | Reached skill level 5 in Spellcasting
  8000 | Ossuary  | Reached skill level 5 in Conjurations
  8315 | Ossuary  | Reached skill level 5 in Dodging
  8491 | Ossuary  | Reached XP level 9. HP: 45/66 MP: 10/16
  8603 | D:7      | Found an opulent altar of Gozag.
  8679 | D:7      | Offered knowledge of Freeze by Vehumet.
  8686 | D:7      | Reached ** piety under Vehumet
  9188 | D:7      | Reached skill level 5 in Fighting
  9422 | D:7      | Reached skill level 5 in Armour
  9717 | D:7      | Found a snail-covered altar of Cheibriados.
 10082 | D:8      | Noticed Erica
 10102 | D:8      | Killed Erica
 10389 | D:8      | Found Xiatemu's Gadget Emporium.
 10590 | D:8      | Learned a level 1 spell: Freeze
 10765 | D:8      | Reached XP level 10. HP: 76/76 MP: 19/19
 11009 | D:8      | Noticed a two-headed ogre
 11040 | D:7      | Killed a two-headed ogre
 11040 | D:7      | Reached skill level 1 in Long Blades
 11040 | D:7      | Reached skill level 1 in Ice Magic
 11482 | D:9      | Noticed a two-headed ogre
 11491 | D:9      | Killed a two-headed ogre
 11492 | D:9      | Found Ducupn's Jewellery Shoppe.
 11538 | D:9      | Offered knowledge of Searing Ray by Vehumet.
 11538 | D:9      | Noticed Grum
 11547 | D:9      | Killed Grum
 11553 | D:9      | Found a flagged portal.
 11560 | Bailey   | Entered a bailey
 11689 | Bailey   | Reached *** piety under Vehumet
 11727 | Bailey   | Learned a level 5 spell: Fireball
 11746 | Bailey   | Reached skill level 5 in Evocations
 11770 | Bailey   | Found the +7 Spriggan's Knife {stab, EV+4 Stlth+}
 11803 | Bailey   | Found an iron altar of Okawaru.
 11891 | Bailey   | Got a faintly glowing ivory ring
 11892 | Bailey   | Identified the ring "Kayggish" {Ice Str+2 Int+7} (You found
                  | it in a bailey)
 11900 | Bailey   | Got a masterwork dagger
 11903 | Bailey   | Identified the +4 dagger "Irizonerr" {flame, +Blink rC+}
                  | (You found it in a bailey)
 11924 | D:9      | You fall into a shaft and drop 1 floor!
 11924 | D:10     | Entered Level 10 of the Dungeon
 12166 | D:9      | Found a stormy altar of Qazlal.
 12311 | D:9      | Found a glowing golden altar of the Shining One.
 12311 | D:9      | Found a burning altar of Makhleb.
 12458 | D:9      | Bought an uncursed ring of fire for 350 gold pieces
 12665 | D:9      | Learned a level 1 spell: Summon Small Mammal
 12776 | D:10     | Offered knowledge of Airstrike by Vehumet.
 12949 | D:10     | Reached XP level 11. HP: 83/83 MP: 18/21
 13145 | D:10     | Reached skill level 1 in Summonings
 13167 | D:10     | Got a smoking ring mail
 13291 | D:10     | Identified the cursed +0 ring mail of Purpose {rN+ rCorr
                  | Int+3 Slay-6} (You found it on level 10 of the Dungeon)
 13973 | D:11     | Found a staircase to the Lair.
 14548 | D:11     | Reached **** piety under Vehumet
 14784 | D:11     | Learned a level 5 spell: Bolt of Magma
 15001 | D:11     | Found a staircase to the Orcish Mines.
 15222 | Lair:1   | Entered Level 1 of the Lair of Beasts
 15232 | Lair:1   | Noticed Urug
 15333 | Orc:1    | Entered Level 1 of the Orcish Mines
 15500 | Orc:1    | Reached skill level 1 in Short Blades
 15646 | Orc:2    | Entered Level 2 of the Orcish Mines
 15649 | Orc:2    | Offered knowledge of Frozen Ramparts by Vehumet.
 15710 | Orc:2    | Noticed an orc sorcerer
 15855 | Orc:2    | Paralysed by an orc sorcerer for 3 turns
 15886 | Orc:2    | Killed an orc sorcerer
 15886 | Orc:2    | Reached skill level 1 in Earth Magic
 16265 | Orc:2    | Noticed an orc sorcerer
 16268 | Orc:2    | Killed an orc sorcerer
 16404 | Orc:2    | Noticed an orc warlord
 16610 | D:12     | Noticed a two-headed ogre
 16671 | D:12     | Killed a two-headed ogre
 16839 | D:12     | Noticed a manticore
 17176 | D:12     | Noticed a two-headed ogre
 17186 | D:12     | Killed a two-headed ogre
 17186 | D:12     | Reached XP level 12. HP: 73/92 MP: 13/23
 17261 | D:12     | Noticed a centaur warrior
 17500 | D:12     | Noticed a two-headed ogre
 17590 | D:12     | Killed a two-headed ogre
 18101 | D:12     | Killed a centaur warrior
 18429 | D:12     | Reached ***** piety under Vehumet
 18792 | D:12     | Offered knowledge of Ozocubu's Refrigeration by Vehumet.
 19333 | D:12     | Noticed a two-headed ogre
 19342 | D:12     | Killed a two-headed ogre
 19507 | Lair:1   | Noticed a five-headed hydra
 19637 | Lair:1   | Upgraded the game from 0.26-a0-542-gbaa144b to
                  | 0.26-a0-543-ge420d365
 19662 | Lair:1   | Killed a five-headed hydra
 19777 | Lair:1   | Killed Urug
 19824 | Lair:1   | Reached skill level 5 in Summonings
 20440 | Lair:1   | Reached skill level 5 in Earth Magic
 20663 | Lair:1   | Gained mutation: You can hop long distances. [Barachi
                  | growth]
 20663 | Lair:1   | Reached XP level 13. HP: 99/99 MP: 10/25
 20790 | Lair:2   | Learned a level 6 spell: Iron Shot
 20818 | Lair:2   | Found a staircase to the Shoals.
 21337 | Lair:2   | Got a bloodstained trident
 21823 | Lair:3   | Noticed Snorg
 22361 | Lair:3   | Killed Snorg
 22779 | Lair:3   | Reached skill level 1 in Staves
 23244 | Lair:4   | Found a gate leading to a gauntlet.
 23255 | Gauntlet | Entered a Gauntlet
 23255 | Gauntlet | Found a transporter.
 23255 | Gauntlet | Found a transporter.
 23255 | Gauntlet | Found a transporter.
 23256 | Gauntlet | Found a transporter.
 23258 | Gauntlet | Found a transporter.
 23269 | Gauntlet | Found a transporter.
 23273 | Gauntlet | Found a transporter.
 23322 | Gauntlet | Found a transporter.
 23328 | Gauntlet | Noticed a death ooze
 23330 | Gauntlet | Found a transporter.
 23354 | Gauntlet | Found a transporter.
 23357 | Gauntlet | Found a transporter.
 23374 | Gauntlet | Found a transporter.
 23459 | Gauntlet | Got a pair of smoking boots
 23681 | Gauntlet | Got a scintillating marble ring
 23683 | Gauntlet | Identified the ring of Nuagiyki {Ice Str+5 Dex+4} (You
                  | found it in a Gauntlet)
 23700 | Gauntlet | Got a fine granite ring
 23704 | Gauntlet | Identified the ring "Xeph" {rPois Str+4 Dex-4 Stlth+} (You
                  | found it in a Gauntlet)
 23826 | Gauntlet | Noticed a minotaur
 23829 | Gauntlet | Killed a minotaur
 23846 | Gauntlet | Identified the +0 pair of boots "Vuseont" {rF+ Dex+4} (You
                  | found it in a Gauntlet)
 23988 | Lair:4   | Found a hole to the Spider Nest.
 24915 | Lair:5   | You fall into a shaft and drop 1 floor!
 24915 | Lair:6   | Entered Level 6 of the Lair of Beasts
 24958 | Lair:5   | Offered knowledge of Starburst by Vehumet.
 25173 | Lair:5   | Identified a scroll of acquirement
 25173 | Lair:5   | Acquired an uncursed staff of fire
 25184 | Lair:5   | Learned a level 6 spell: Starburst
 25191 | Lair:6   | Reached XP level 14. HP: 97/108 MP: 22/26
 25387 | Lair:6   | Reached skill level 10 in Fire Magic
 25533 | Lair:6   | Acquired 1340 gold pieces
 26647 | Lair:6   | Identified the Handbook of Congealing Black Rites
 26863 | Lair:6   | Reached skill level 10 in Fighting
 26863 | Lair:6   | Reached skill level 10 in Armour
 26883 | Lair:6   | Offered knowledge of Spellforged Servitor by Vehumet.
 27427 | Lair:6   | Found a viscous altar of Jiyva.
 27427 | Lair:6   | Found a staircase to the Slime Pits.
 28347 | D:13     | Found a gate to the Vaults.
 28351 | D:13     | Reached skill level 10 in Conjurations
 28529 | D:13     | Reached XP level 15. HP: 115/115 MP: 18/28
 28639 | D:13     | Noticed qdestroyer's ghost (journeyman MiFi)
 28648 | D:13     | Found a runed translucent door.
 28693 | D:13     | Found Jioracw's Distillery.
 28701 | D:13     | Bought a potion of experience for 800 gold pieces
 28701 | D:13     | Reached skill level 5 in Staves
 28701 | D:13     | Reached skill level 10 in Dodging
 28701 | D:13     | Reached XP level 16. HP: 123/123 MP: 29/29
 28733 | D:13     | Learned a level 7 spell: Spellforged Servitor
 29071 | D:13     | Noticed Rupert
 29259 | D:14     | Upgraded the game from 0.26-a0-543-ge420d365 to
                  | 0.26-a0-545-g4531bab
 30225 | D:14     | Reached skill level 1 in Shields
 30453 | D:14     | You fall into a shaft and drop 1 floor!
 30453 | D:15     | Entered Level 15 of the Dungeon
 30895 | D:14     | Upgraded the game from 0.26-a0-545-g4531bab to
                  | 0.26-a0-547-g695e311
 30897 | D:15     | Found a frozen archway.
 30933 | IceCv    | Entered an ice cave
 31273 | IceCv    | Identified the cursed +0 trident of Syrany {venom, rElec
                  | rN+ Str+2} (You found it on level 2 of the Lair of Beasts)
 31425 | IceCv    | Got scorched ice dragon scales
 31440 | IceCv    | Identified the +1 ice dragon scales of Pudiveta {-Tele
                  | rElec rF- rC++ Int+4} (You found it in an ice cave)
 31452 | IceCv    | Got a twisted quarterstaff
 31728 | D:15     | Offered knowledge of Irradiate by Vehumet.
 31980 | D:15     | Found a staircase to the Depths.
 32839 | Orc:2    | Noticed Maurice
 32863 | Orc:2    | Killed Maurice
 33278 | Orc:2    | Found a staircase to the Elven Halls.
 33286 | Orc:2    | Reached skill level 10 in Spellcasting
 33939 | Orc:2    | Found Zanos's Gadget Shoppe.
 33939 | Orc:2    | Found Gyla's Gadget Boutique.
 33941 | Orc:2    | Found Fanyu's Magic Scroll Shoppe.
 33941 | Orc:2    | Found Ixkisuy's Weapon Boutique.
 34003 | Orc:2    | Bought a scroll of fog for 30 gold pieces
 34003 | Orc:2    | Bought a scroll of identify for 30 gold pieces
 34575 | Spider:1 | Entered Level 1 of the Spider Nest
 34764 | Spider:1 | Offered knowledge of Iskenderun's Battlesphere by Vehumet.
 35152 | Spider:1 | HP: 3/125 [redback (13)]
 35153 | Spider:1 | Slain by a redback

Illustrated notes

Levels and vault maps discovered:
D:1:      minmay_arrival_five_plusses, layout_basic,
          hangedman_abyss_or_decor_stabs
D:2:      layout_loops_ring, lemuel_zombie_altar_kikubaaqudgha,
          okawaru_metal_pillars_1_2, overflow_temple_1_default, uniq_robin
D:3:      layout_basic, nicolae_overflow_hidden_temple,
          nicolae_ru_sacrificial_ziggurat, serial_undead, serial_undead_f,
          serial_undead_a, serial_undead_d, serial_undead_a
D:4:      layout_layer_cave, minmay_temple_entry_statues_pillars
D:5:      layout_loops_corners, evilmike_ruin_ashenzari, basic_altar,
          minivault_19, dk_xom_monty_hall
D:6:      layout_loops_ring, nicolae_dithmenos_shadow_blocks, serial_shops,
          nicolae_shop_waterfront
D:7:      layout_loops_ring, old_standard_altar, slow_altar_1,
          gup_ossuary_entry_pyramid, kennysheep_generic_room_4
D:8:      layout_basic, serial_shops, nicolae_shop_window_shopping, uniq_erica
D:9:      layout_gridville, grunt_qazlal_sundering,
          gammafunk_temple_overflow_statue, enter_bailey_2, serial_shops, shop,
          uniq_grum
D:10:     layout_basic
D:11:     layout_loops_ring, erik_lair_island, minmay_orc_entry_guard_dogs
D:12:     layout_stronghold, centaur_isle
D:13:     layout_roguey, lightli_vaults_fourway_checkpoint, serial_shops, shop,
          hellmonk_ghost_happy_afterlife, uniq_rupert
D:14:     layout_basic, hangedman_decor_growths, kennysheep_minor_cross,
          corexii_checkpoint_b
D:15:     hangedman_depths_entry_civil_slaughter, layout_basic,
          portal_ice_cave_entry_pillars_2, special_room [special_room_bee],
          fountainhead
Temple:   compressed_dpeg_circular_temple
Lair:1:   lemuel_slime, layout_chaotic_city, uniq_urug
Lair:2:   layout_chaotic_city, shoals_dummy_entry, serial_bayou_shore_b,
          lemuel_fruit_tree
Lair:3:   layout_regular_city, forest_entry_grove, grunt_megastairs_4,
          uniq_snorg
Lair:4:   layout_roguey, spider_nest_entry_rubble, gauntlet_entry_generic
Lair:5:   layout_concentric_octagons
Lair:6:   minmay_lair_end_frog_pond, layout_cave_pods,
          dpeg_slime_entry_enclosed_altar, serial_bayou_shore_a
Spider:1: layout_spider_delve, drop_trap
Orc:1:    layout_caves
Orc:2:    grunt_orc_tribal_feast, layout_caves, uniq_maurice

Skill      XL: |  1  2  3  4  5  6  7  8  9 10 11 12 13 14 15 16 |
---------------+-------------------------------------------------+-----
Conjurations   | 2 3 4 5 6 7 8 9 10 | 10.8
Spellcasting   | 3 4 5 6 7 8 9 10 | 10.1
Fire Magic     | 4 5 6 7 8 9 10 11 | 11.1
Fighting       | 1 2 3 4 5 6 7 8 9 10 11 | 11.0
Dodging        | 3 4 5 6 7 8 9 10 | 10.5
Armour         | 1 3 4 5 6 7 8 9 10 11 | 11.1
Evocations     | 1 2 4 5 6 7 |  7.3
Long Blades    | 3 4 |  4.0
Ice Magic      | 3 4 |  4.1
Summonings     | 3 5 6 7 8 |  8.8
Short Blades   | 2 4 |  4.5
Stealth        | 2 3 |  3.7
Earth Magic    | 2 5 7 8 9 |  9.5
Staves         | 2 4 5 6 |  6.0
Shields        | 3 |  3.0

Action                   |  1- 3 |  4- 6 |  7- 9 | 10-12 | 13-15 | 16-18 || total
-------------------------+-------+-------+-------+-------+-------+-------++-------
Melee: Hunting sling     |     1 |       |       |       |       |       ||     1
       Dagger            |     3 |    19 |    21 |       |       |       ||    43
       Flail             |       |       |    77 |       |       |       ||    77
       Mace              |       |       |     7 |       |       |       ||     7
       Staff             |       |       |     2 |     3 |    53 |   211 ||   269
       Knife             |       |       |       |   131 |    49 |       ||   180
       Scimitar          |       |       |       |    10 |       |       ||    10
Throw: Boomerang         |       |     1 |       |       |       |       ||     1
       Dart              |       |     6 |     2 |     5 |       |       ||    13
 Cast: Foxfire           |    55 |   119 |   255 |   387 |   287 |    28 ||  1131
       Conjure Flame     |       |     1 |     2 |     1 |       |       ||     4
       Sticky Flame      |       |       |     1 |    58 |    93 |    11 ||   163
       Fireball          |       |       |       |    25 |     3 |       ||    28
       Bolt of Magma     |       |       |       |    29 |    44 |       ||    73
       Freeze            |       |       |       |     3 |     4 |       ||     7
       Starburst         |       |       |       |       |    23 |    32 ||    55
       Iron Shot         |       |       |       |       |    22 |    62 ||    84
       Spellforged Servi |       |       |       |       |       |    13 ||    13
 Abil: Hop               |     4 |     3 |     1 |     6 |     5 |       ||    19
Evoke: Wand              |       |       |     1 |     7 |       |       ||     8
  Use: Scroll            |     2 |     4 |    15 |    10 |     8 |     7 ||    46
       Potion            |       |     1 |     2 |     1 |     2 |     2 ||     8
 Stab: Sleeping          |       |     2 |     1 |     4 |       |     2 ||     9
Armor: Robe              |    10 |     9 |     1 |       |       |    41 ||    61
       Leather armour    |       |       |   114 |   102 |    48 |     7 ||   271
       Troll leather arm |       |       |       |       |    14 |       ||    14
Dodge: Dodged            |    21 |    53 |   201 |   416 |   289 |   289 ||  1269
Block: Other             |       |       |       |       |       |    16 ||    16
       Rpst.: Scimitar   |       |       |       |     7 |       |       ||     7

Table legend: (Time is in decaauts)
 A = Elapsed time spent in this place.
 B = Non-inter-level travel time spent in this place.
 C = Inter-level travel time spent in this place.
 D = Time resting spent in this place.
 E = Time spent auto-exploring this place.
 F = Levels seen in this place.
 G = Mean time per level.
                   A        B        C        D        E       F      G
               +--------+--------+--------+--------+--------+-----+--------+
         Total |  38285 |  36718 |   1567 |  13597 |  14576 |  29 | 1320.2 |
       Dungeon |  23402 |  22451 |    951 |   7019 |  10913 |  15 | 1560.1 |
        Temple |     12 |      8 |      4 |      0 |      0 |   1 |   12.0 |
          Lair |   8786 |   8326 |    460 |   3596 |   2957 |   6 | 1464.3 |
   Spider Nest |    247 |    247 |      0 |    133 |     13 |   1 |  247.0 |
  Orcish Mines |   3143 |   2992 |    151 |   1458 |    598 |   2 | 1571.5 |
       Ossuary |   1044 |   1044 |      0 |    591 |     30 |   1 | 1044.0 |
        Bailey |    380 |    380 |      0 |    169 |      0 |   1 |  380.0 |
      Ice Cave |    570 |    570 |      0 |    338 |      0 |   1 |  570.0 |
      Gauntlet |    697 |    697 |      0 |    292 |     65 |   1 |  697.0 |
               +--------+--------+--------+--------+--------+-----+--------+

Top non-repeatable levels by time:
    D:12: 3153 daAuts
  Lair:6: 2598 daAuts
    D:10: 1914 daAuts
    D:14: 1886 daAuts
     D:7: 1821 daAuts
     D:4: 1777 daAuts
  Lair:2: 1604 daAuts
   Orc:1: 1586 daAuts
    D:11: 1583 daAuts
   Orc:2: 1557 daAuts
     D:5: 1469 daAuts
     D:3: 1464 daAuts
  Lair:1: 1463 daAuts
     D:8: 1390 daAuts
     D:2: 1371 daAuts
